 Dungeon Crawl Stone Soup version 0.31-a0-187-gba352fbbf7 (webtiles) character file.

Game seed: 376245387223522333

25 qw the Shooter (level 2, -1/16 HPs)
             Began as a Deep Elf Hunter on June 22, 2023.
             Slain by a worm (9 damage)
             ... on level 2 of the Dungeon.
             The game lasted 00:00:15 (558 turns).

qw the Shooter (Deep Elf Hunter)                     Turns: 558, Time: 00:00:16

Health: -1/16      AC:  6    Str:  8    XL:     2   Next: 86%
Magic:  4/4        EV: 10    Int: 13    God:
Gold:   25         SH:  0    Dex: 18    Spells: 1/1 levels left

rFire   . . .        Y - +0 shortbow
rCold   . . .        (shield currently unavailable)
rNeg    . . .        l - +0 ring mail
rPois   .            e - +0 helmet
rElec   .            (no cloak)
rCorr   .            (no gloves)
SInv    .            (no boots)
Will    .....        (no amulet)
Stlth   +            (no ring)
HPRegen 0.22/turn    (no ring)
MPRegen 0.09/turn

%: no passive effects
@: no status effects
A: no striking features
a: no special abilities


You were on level 2 of the Dungeon.
You visited 1 branch of the dungeon, and saw 2 of its levels.

You collected 25 gold pieces.


   Skills:
 - Level 1.5 Fighting
 + Level 6.5 Ranged Weapons
 - Level 2.4 Dodging
 - Level 1.2 Stealth


You had one spell level left.
You didn't know any spells.
Your spell library was empty.

Inventory:

Hand Weapons
 Y - a +0 shortbow (weapon)
Armour
 e - a +0 helmet (worn)
 l - a +0 ring mail (worn)
Scrolls
 a - a scroll of identify
 b - a scroll of poison {unknown}
 c - a scroll of amnesia {unknown}
Potions
 d - a potion of haste
 h - a potion of curing {unknown}
 k - a potion of brilliance {unknown}

Dungeon Overview and Level Annotations

Branches:
Dungeon (2/15)

Altars:


Message History

There is a stone staircase leading down here.
You climb downwards.
Found an escape hatch in the floor.
There is a stone staircase leading up here.
Waypoint 1 assigned to D:2.
Found 4 stones.
b - a scroll labelled WATRAF QONNOTE You see here 4 stones.
c - a scroll labelled FOBIGOCS VIUNU An endoplasm comes into view.
The endoplasm quivers.
You shoot an arrow. The arrow hits the endoplasm.
The endoplasm is severely wounded.
The endoplasm freezes you.
You are frozen.
You shoot an arrow. The arrow hits the endoplasm.
You kill the endoplasm!
You start resting.
Your extra speed is starting to run out.
You feel yourself slow down.
A worm comes into view.
You shoot an arrow. The arrow barely misses the worm.
You shoot an arrow.
The arrow hits the worm but does no damage.
You shoot an arrow. The arrow barely misses the worm.
You shoot an arrow. The arrow barely misses the worm.
The worm bites you.
You shoot an arrow. The arrow hits the worm.
The worm is moderately wounded.
The worm bites you!
You shoot an arrow. The arrow barely misses the worm.
You shoot an arrow.
The arrow hits the worm but does no damage.
The worm is lightly wounded.
The worm closely misses you.
You shoot an arrow. The arrow hits the worm.
The worm is moderately wounded.
The worm bites you!
Ouch! That really hurt!
You die...

## ### .. ... #.#
+.## #.# +... #.#
+.#.##.# +.#..#.#
+..#w..# #.@#..##
##.#...# #.##..#
#..#..############
.#.....(..........
.##..#.###........
. ##.#.# #.####.##
.. ....# #.# #.##
##.### #.# #.##


You could see a worm.

Vanquished Creatures
  A gnoll (D:1)
  A dart slug (D:1)
  An endoplasm (D:2)
  2 giant cockroaches (D:1)
  2 goblins (D:1)
  A frilled lizard (D:1)
  4 kobolds (D:1)
  3 rats (D:1)
15 creatures vanquished.

Notes
Turn   | Place    | Note
-------+----------+-------------------------------------------
     0 | D:1      | qw the Deep Elf Hunter began the quest for the Orb.
     0 | D:1      | Reached XP level 1. HP: 12/12 MP: 3/3
     0 | D:1      | 0 ||| qw: Version: 0.3-a-9-g12657ce
     0 | D:1      | 0 ||| qw: Game counter: 2032
     0 | D:1      | 0 ||| qw: Always use a shield: true
     0 | D:1      | 0 ||| qw: God list: Okawaru
     0 | D:1      | 0 ||| qw: Allow faded altars: false
     0 | D:1      | 0 ||| qw: Do Orc after D:15 true
     0 | D:1      | 0 ||| qw: Do second Lair branch before Depths: true
     0 | D:1      | 0 ||| qw: Lair rune preference: random
     0 | D:1      | 0 ||| qw: Plans: Normal
     0 | D:1      | 0 ||| PLANNING D:1-11
    64 | D:1      | Reached skill level 6 in Ranged Weapons
    64 | D:1      | Reached XP level 2. HP: 16/16 MP: 4/4
   466 | D:1      | 466 ||| UPGRADING to +0 helmet.
   471 | D:1      | 471 ||| UPGRADING to +0 ring mail.
   481 | D:1      | 481 ||| DROPPING +0 leather armour.
   482 | D:1      | 482 ||| DROPPING ring of flight.
   483 | D:1      | 483 ||| READING 2 scrolls labelled WIZUOT BIYDDI.
   484 | D:1      | 484 ||| READING scroll labelled VUR TUOTANESAUBBUA.
   487 | D:1      | 487 ||| READING scroll labelled KOELAXU YPSIBI.
   488 | D:1      | 488 ||| DRINKING 2 fuming grey potions.
   489 | D:1      | 489 ||| DROPPING scroll of butterflies.
   558 | D:2      | Slain by a worm

Levels and vault maps discovered:
D:1:      dpeg_arrival_tiny_h, layout_basic, minmay_octomino_j4
D:2:      layout_loops_ring, hellmonk_ecumenical_altar_heavens_door

Skill      XL: |  1 |
---------------+----+-----
Ranged Weapons | 6 |  6.5
Fighting       | |  1.5
Dodging        | |  2.4
Stealth        | |  1.2

Action                     || total
---------------------------++-------
   Fire: Shortbow          ||    52
    Use: Scroll            ||     3
         Potion            ||     1
 Armour: Leather armour    ||     2
  Dodge: Dodged            ||     7

Table legend:
 A = Non-vault XP
 B = Vault XP
 C = Vault XP percentage of total XP
 D = Non-vault monster count
 E = Vault monster count
 F = Vault count percentage of total count
                 A         B        C        D         E       F
            +---------+---------+-------+---------+---------+-------
      Total |      29 |       8 |  21.6 |      11 |       4 |  26.7
            +---------+---------+-------+---------+---------+-------
        D:1 |      27 |       8 |  22.9 |      10 |       4 |  28.6
        D:2 |       2 |       0 |   0.0 |       1 |       0 |   0.0
            +---------+---------+-------+---------+---------+-------
